 Dungeon Crawl Stone Soup version 0.29-a0-330-g52719c12eb (webtiles) character file.

Game seed: 10913695895724288965

4884 Anon1729 the Carver (level 10, -6/91 HPs)
             Began as a Minotaur Monk on Apr 29, 2022.
             Mangled by a manticore (9 damage)
             ... on level 9 of the Dungeon.
             The game lasted 00:11:37 (11177 turns).

Anon1729 the Carver (Minotaur Monk)                Turns: 11177, Time: 00:11:37

Health: -6/91      AC: 19    Str: 17    XL:     10   Next: 26%
Magic:  9/9        EV: 10    Int:  7    God:
Gold:   375        SH:  0    Dex: 16    Spells: 9/9 levels left

rFire   + + .      SeeInvis .   y - +0 long sword
rCold   . . .      Faith    .   (no shield)
rNeg    . . .      Spirit   .   C - +2 chain mail {rF+}
rPois   +          Reflect  .   (helmet restricted)
rElec   .          Harm     .   I - +2 cloak
rCorr   .          Rampage  .   z - +1 pair of gloves
Will    .....                   G - +0 pair of boots
Stlth   ..........              (no amulet)
HPRegen 0.25/turn               a - ring of poison resistance
MPRegen 0.11/turn               v - ring of protection from fire

@: no status effects
A: horns 2, retaliatory headbutt
a: no special abilities


You were on level 9 of the Dungeon.
You visited 1 branch of the dungeon, and saw 9 of its levels.

You collected 375 gold pieces.

Inventory:

Hand Weapons
 i - a +2 short sword of draining
 y - a +0 long sword (weapon)
 K - a +2 vorpal shortbow
Missiles
 f - 400 stones (quivered)
Armour
 b - a +0 robe
 d - a +0 pair of gloves
 k - a +0 leather armour
 w - a +0 buckler
 z - a +1 pair of gloves (worn)
 C - a +2 chain mail of fire resistance (worn)
 G - a +0 pair of boots (worn)
 I - a +2 cloak (worn)
Magical Staves
 g - a staff of air
Jewellery
 a - a ring of poison resistance (left hand)
 v - a ring of protection from fire (right hand)
Wands
 c - a wand of flame (2)
 p - a wand of polymorph (2)
 A - a wand of iceblast (11)
Scrolls
 e - 2 scrolls of noise
 m - a scroll of brand weapon
 o - 5 scrolls of immolation
 r - a scroll of vulnerability {unknown}
 s - 4 scrolls of blinking
 t - 5 scrolls of teleportation
 D - a scroll of holy word
 E - a scroll of magic mapping
 F - a scroll of enchant armour
 H - 4 scrolls of enchant weapon
Potions
 h - a potion of magic {unknown}
 j - a potion of cancellation {unknown}
 l - a potion of ambrosia
 n - 5 potions of curing
 q - a potion of brilliance {unknown}
 u - a potion of invisibility {unknown}
 x - 2 potions of attraction {unknown}
 B - a potion of experience {unknown}
 J - a potion of flight {unknown}


   Skills:
 + Level 9.2 Fighting
 + Level 9.3 Long Blades
 + Level 6.2 Armour
 + Level 8.5 Dodging
 + Level 6.6 Stealth


You had 9 spell levels left.
You didn't know any spells.
Your spell library contained the following spells:

 Spells                   Type           Power      Damage    Failure   Level
 Beastly Appendage        Tmut           0%         N/A       99%         1
 Ensorcelled Hibernation  Hex/Ice        0%         N/A       100%        2
 Wereblood                Tmut           0%         N/A       100%        2
 Spider Form              Tmut/Pois      0%         N/A       100%        3
 Summon Guardian Golem    Hex/Summ       0%         N/A       100%        3
 Anguish                  Hex/Necr       0%         N/A       100%        4
 Orb of Destruction       Conj           0%         9d5       100%        7
 Spellforged Servitor     Conj/Summ      0%         N/A       100%        7


Dungeon Overview and Level Annotations

Branches:
Dungeon (9/15)             Temple (0/1) D:7
   Lair: D:8-11         Orc: D:9-12

Altars:
Dithmenos

Shops:
D:2 (

Annotations:
D:5 exclusion: ice beast
D:7 4 runed translucent doors, Crazy Yiuf; benappo's ghost, novice DsFE
D:9 exclusion: upstairs


Innate Abilities, Weirdness & Mutations

You have a pair of horns on your head.
You reflexively headbutt those who attack you in melee.


Message History

The centaur warrior is almost dead.
The centaur warrior hits you!
* * * LOW HITPOINT WARNING * * *
The centaur warrior kicks you but does no damage.
The centaur warrior hits you but does no damage.
The centaur warrior closely misses you.
You hit the centaur warrior but do no damage.
The centaur warrior is severely wounded.
The centaur warrior hits you.
* * * LOW HITPOINT WARNING * * *
The centaur warrior kicks you but does no damage.
You barely miss the centaur warrior.
Your headbutt misses the centaur warrior.
The centaur warrior is severely wounded.
The centaur warrior barely misses you.
The centaur warrior kicks you but does no damage.
The centaur warrior hits you but does no damage.
The centaur warrior closely misses you.
You slash the centaur warrior! You headbutt the centaur warrior.
You kill the centaur warrior!
Your Armour skill increases to level 6!
Things that are here:
a +2 vorpal shortbow; a centaur corpse
K - a +2 vorpal shortbow A manticore comes into view.
A manticore is nearby!
A manticore is nearby!
You start resting.
A manticore is nearby!
A manticore is nearby!
The manticore bites you!
* * * LOW HITPOINT WARNING * * *
The manticore closely misses you.
The manticore claws you but does no damage.
You hit the manticore.
The manticore is lightly wounded.
The manticore bites you!
* * * LOW HITPOINT WARNING * * *
The manticore claws you!
You die...

#####
#......#....... .+
#.............. .#
#......H#...... .#
..#.......# ..... .#
..#.......# .... .#
.'.......# ... ##
####.......# ..
###.#.........†#####
.
....+..........H@..#
....#..............#
....#..............#
....#......####....#
#..##...##.## #....#
..#....#P.P# ######
..#...##≈.≈#
.#.###≈≈.≈≈
#.#P≈≈≈.≈≈≈


You could see a manticore.

Vanquished Creatures
  A centaur warrior (D:9)
  An ugly thing (D:8)
  Maurice (D:8)
  A hornet (D:9)
  A troll (D:8)
  Sigmund (D:2)
  A basilisk (D:4)
  Menkaure (D:6)
  A water moccasin (D:7)
  4 orc warriors
  A black bear (D:6)
  2 sky beasts (D:7)
  A lemure (D:4)
  2 phantoms
  A kobold brigand (D:9)
  7 bullfrogs
  3 scorpions
  A gnoll sergeant (D:8)
  A necrophage (D:5)
  3 killer bees (D:8)
  An electric eel (D:6)
  3 hounds
  6 orc priests
  A gnoll shaman (D:6)
  5 orc wizards
  3 iguanas
  Robin (D:2)
  10 adders
  11 gnolls
  A shadow imp (D:7)
  2 white imps
  2 worms
  9 dart slugs
  22 orcs
  7 endoplasms
  5 giant cockroaches
  12 goblins
  8 hobgoblins
  2 jackals (D:2)
  6 quokkas
  6 ball pythons
  4 bats (D:1)
  3 frilled lizards
  15 kobolds
  23 rats
203 creatures vanquished.

Notes
Turn   | Place    | Note
-------+----------+-------------------------------------------
     0 | D:1      | Anon1729 the Minotaur Monk began the quest for the Orb.
     0 | D:1      | Reached XP level 1. HP: 19/19 MP: 0/0
   499 | D:1      | Reached XP level 2. HP: 23/25 MP: 1/1
   814 | D:2      | Found Famis's Antique Weapon Emporium.
  1078 | D:2      | Reached XP level 3. HP: 33/33 MP: 2/2
  1368 | D:2      | Noticed Sigmund
  1383 | D:2      | Reached XP level 4. HP: 22/41 MP: 3/3
  1567 | D:2      | Noticed Robin
  1578 | D:2      | Killed Robin
  1587 | D:2      | Killed Sigmund
  1588 | D:2      | Reached skill level 5 in Fighting
  1588 | D:2      | Reached skill level 5 in Long Blades
  1588 | D:2      | Reached XP level 5. HP: 11/48 MP: 4/4
  1588 | D:2      | Reached XP level 6. HP: 12/56 MP: 5/5
  3205 | D:4      | Reached skill level 5 in Dodging
  3889 | D:4      | Reached XP level 7. HP: 61/61 MP: 6/6
  4670 | D:5      | Entered Level 5 of the Dungeon
  4715 | D:5      | Noticed Pikel
  5041 | D:4      | Noticed Pikel
  5041 | D:4      | Pikel changed into Pikel the basilisk
  5047 | D:4      | Killed Pikel the basilisk
  5264 | D:5      | Found a shadowy altar of Dithmenos.
  5383 | D:5      | Reached XP level 8. HP: 71/71 MP: 7/7
  5825 | D:6      | Noticed a two-headed ogre
  6022 | D:6      | Reached skill level 1 in Armour
  6567 | D:6      | Noticed Menkaure
  6579 | D:6      | Killed Menkaure
  7379 | D:7      | Reached skill level 5 in Stealth
  7686 | D:7      | Reached XP level 9. HP: 67/80 MP: 8/8
  7868 | D:7      | Found a staircase to the Ecumenical Temple.
  7907 | D:7      | Found a runed translucent gate.
  7907 | D:7      | Found a runed translucent gate.
  7910 | D:7      | Noticed benappo's ghost (novice DsFE)
  7911 | D:7      | Found a runed translucent gate.
  8147 | D:7      | Found a runed translucent door.
  8148 | D:7      | Noticed Crazy Yiuf
  9033 | D:8      | Noticed a purple ugly thing
  9067 | D:8      | Killed a purple ugly thing
  9469 | D:8      | Noticed Maurice
  9511 | D:8      | Killed Maurice
  9512 | D:8      | Reached skill level 5 in Armour
 10118 | D:9      | Noticed a two-headed ogre
 10118 | D:9      | Noticed a komodo dragon
 10118 | D:9      | Noticed a troll
 10550 | D:8      | Killed a troll
 10703 | D:9      | Reached XP level 10. HP: 75/90 MP: 9/9
 11138 | D:9      | Noticed a centaur warrior
 11162 | D:9      | Killed a centaur warrior
 11166 | D:9      | Noticed a manticore
 11177 | D:9      | HP: 3/91 [manticore (15)]
 11177 | D:9      | Mangled by a manticore

Illustrated notes

Levels and vault maps discovered:
D:1:      tarquinn_simple_flora_water_d, layout_loops_ring, item_on_display_a
D:2:      layout_loops_ring, serial_shops, nicolae_shop_trees, uniq_robin,
          uniq_sigmund
D:3:      layout_basic, minmay_rat_hole
D:4:      layout_basic, amcnicky_mini_corridor_feature, fountainhead,
          hangedman_decor_opposing, serial_bayou_lake_a
D:5:      layout_basic, grunt_dithmenos_shadows, uniq_pikel
D:6:      kennysheep_slugbush, layout_cave_pools, uniq_menkaure
D:7:      layout_basic, minmay_temple_entry_mini_moons,
          ebering_ghost_rock_garden, uniq_crazy_yiuf_cottage
D:8:      layout_gridville, minivault_19, uniq_maurice
D:9:      minmay_curly_fans, layout_gridville, dreamdust_princess_bridge,
          nicolae_fountain_basement

Skill      XL: |  1  2  3  4  5  6  7  8  9 10 |
---------------+-------------------------------+-----
Fighting       | 4 5 6 7 8 9 |  9.2
Long Blades    | 4 5 6 7 9 |  9.3
Stealth        | 2 3 4 5 6 |  6.6
Dodging        | 4 5 6 7 8 |  8.5
Armour         | 3 5 6 |  6.2

Action                   |  1- 3 |  4- 6 |  7- 9 | 10-12 || total
-------------------------+-------+-------+-------+-------++-------
Melee: Falchion          |    20 |       |       |       ||    20
       Short sword       |    42 |   131 |       |       ||   173
       Headbutt          |     3 |    24 |    77 |    13 ||   117
       Punch             |     1 |     1 |     8 |       ||    10
       Long sword        |       |       |   416 |    50 ||   466
Throw: Stone             |       |       |     1 |       ||     1
Evoke: Wand              |       |       |     3 |       ||     3
  Use: Scroll            |       |       |    11 |       ||    11
 Stab: Sleeping          |     2 |     2 |     5 |       ||     9
Armor: Robe              |    11 |       |       |       ||    11
       Leather armour    |    11 |    30 |    20 |       ||    61
       Chain mail        |       |       |   190 |    50 ||   240
Dodge: Dodged            |    32 |   100 |   226 |    30 ||   388

Table legend: (Time is in decaauts)
 A = Elapsed time spent in this place.
 B = Non-inter-level travel time spent in this place.
 C = Inter-level travel time spent in this place.
 D = Time resting spent in this place.
 E = Time spent auto-exploring this place.
 F = Levels seen in this place.
 G = Mean time per level.
                   A        B        C        D        E       F      G
               +--------+--------+--------+--------+--------+-----+--------+
         Total |  11225 |  10723 |    502 |   2269 |   6796 |   9 | 1247.2 |
       Dungeon |  11225 |  10723 |    502 |   2269 |   6796 |   9 | 1247.2 |
               +--------+--------+--------+--------+--------+-----+--------+

Top non-repeatable levels by time:
     D:8: 2072 daAuts
     D:4: 1998 daAuts
     D:5: 1399 daAuts
     D:7: 1166 daAuts
     D:2: 1113 daAuts
     D:3: 1102 daAuts
     D:1: 939 daAuts
     D:6: 867 daAuts
     D:9: 566 daAuts
